 Dungeon Sprint DCSS version 0.26.1-11-gd32895ea62 (webtiles) character file.

Game seed: 1273604859031825300

167 Groucho the Unseen (level 5, -2/36 HPs)
             Began as a Felid Berserker on May 23, 2021.
             Was a Believer of Trog.
             Slain by a centaur warrior (15 damage)
             ... in the Dungeon (Sprint I: "Red Sonja").
             The game lasted 00:01:39 (687 turns).

Groucho the Unseen (Felid Berserker)                 Turns: 687, Time: 00:01:39

Health: -2/36      AC:  2    Str: 13    XL:     5   Next: 23%
Magic:  6/6        EV: 19    Int:  9    God:    Trog [**....]
Gold:   438        SH:  0    Dex: 17    Spells: 4/4 levels left
                                        Lives:  0   Deaths: 2

rFire    . . .     SeeInvis +     - Unarmed
rCold    . . .     Faith    .   (shield unavailable)
rNeg     . . .     Spirit   .   (armour unavailable)
rPois    .         Reflect  .   (helmet unavailable)
rElec    .         Harm     .   (cloak unavailable)
rCorr    .         Rampage  .   (gloves unavailable)
Will     ++...     NoTele   +   (boots unavailable)
Stlth    ..........             (no amulet)
HPRegen  1.12/turn              (no ring)
MPRegen  0.10/turn              (no ring)

@: berserking, regenerating, very quick
A: very small, no armour, no weapons or thrown items, stealth, claws 1, fangs 3,
see invisible, speed 1, shaggy fur 2, sharp paws
a: Renounce Religion, Berserk, Trog's Hand


You were in the Dungeon.
You worshipped Trog.
Trog was pleased with you.
You visited 1 branch You collected 438 gold pieces.

Inventory:

Scrolls
 h - a scroll of remove curse {unknown}
Potions
 a - a potion of curing
 b - a potion of heal wounds
 c - a potion of haste
 d - 2 potions of magic
 e - a potion of berserk rage
 g - 2 potions of degeneration {unknown}


   Skills:
 + Level 3.0 Fighting
 + Level 4.0 Dodging
 + Level 19.9 Stealth
 + Level 3.0 Unarmed Combat


You had 4 spell levels left.
You didn't know any spells.
Your spell library was empty.

Dungeon Overview and Level Annotations

Branches:
Dungeon (1/1)

Altars:
Cheibriados
Dithmenos
Elyvilon
Fedhas
Gozag
Hepliaklqana
Kikubaaqudgha
Makhleb
Nemelex Xobeh
Okawaru
Qazlal
Ru
Sif Muna
Trog
Uskayaw
Vehumet
Wu Jian
Xom
Yredelemnul
Zin
The Shining One
Jiyva
Lugonu

Shops:
D :


Innate Abilities, Weirdness & Mutations

You cannot wear armour.
You are incapable of wielding weapons or throwing items.
Your paws allow you to move quietly. (Stealth)
You have sharp claws.
You have razor-sharp teeth.
You have supernaturally acute eyesight. (SInv)
You cover ground quickly.
You are covered in thick fur. (AC +2)
Your sharp claws are effective at attacking unaware monsters.


Message History

Your skin crawls.
You feel strong-willed. The centaur warrior hits you!
A red film seems to cover your vision as you go berserk!
You feel yourself moving faster!
You feel mighty! The centaur warrior hits you! The centaur warrior hits you.
* * * LOW HITPOINT WARNING * * *
You claw the centaur warrior! Your bite misses the centaur warrior.
The centaur warrior is moderately wounded.
The centaur warrior closely misses you.
You scratch the centaur warrior but do no damage.
The centaur warrior is moderately wounded.
The centaur warrior hits you but does no damage.
You claw the centaur warrior!
The centaur warrior is heavily wounded.
The centaur warrior barely misses you.
You claw the centaur warrior!
The centaur warrior is severely wounded.
The centaur warrior hits you!
You die...

######################
#<.#..'..#.)'..#__#..+
#..)..#.)'..#..'..'..#
#..#####'#####@#__####
#..####..#...#c####§§#
#..#__####..##c#§§§§c#
#..#_____##'#_§§§§§§§+
#⌠⌠#_.∩...'..._#c§≈§c#
####_..__##_.#'##+####
#_____###+#.# #######
###


You could see 2 centaur warriors.

Vanquished Creatures
  A slime creature (D)
  Sigmund (D)
  A yak (D)
  An ogre (D)
  A jelly (D)
  Ijyb (D)
6 creatures vanquished.

Notes
Turn   | Place    | Note
-------+----------+-------------------------------------------
     0 | D        | Groucho the Felid Berserker began the quest for the Orb.
     0 | D        | Reached XP level 1. HP: 10/10 MP: 2/2
     2 | D        | Noticed Ijyb
     9 | D        | Killed Ijyb
    10 | D        | Reached skill level 8 in Stealth
    10 | D        | Reached XP level 2. HP: 14/14 MP: 3/3
   185 | D        | Noticed an ogre
   189 | D        | Killed an ogre
   190 | D        | Reached skill level 12 in Stealth
   190 | D        | Reached XP level 3. HP: 17/17 MP: 4/4
   190 | D        | Reached XP level 4. HP: 21/21 MP: 5/5
   203 | D        | Noticed Sigmund
   210 | D        | Killed Sigmund
   210 | D        | Reached ** piety under Trog
   211 | D        | Reached skill level 16 in Stealth
   211 | D        | Reached XP level 5. HP: 24/24 MP: 6/6
   561 | D        | Found a shimmering blue altar of Sif Muna.
   562 | D        | Found an ornate altar of the Wu Jian Council.
   563 | D        | Found a radiant altar of Vehumet.
   568 | D        | Gained mutation: You are covered in thick fur. (AC +2)
                  | [Felid growth]
   568 | D        | Reached XP level 6. HP: 28/28 MP: 7/7
   570 | D        | Found Kutis's Book Emporium.
   570 | D        | Found an ancient bone altar of Kikubaaqudgha.
   570 | D        | Found a hazy altar of Hepliaklqana.
   570 | D        | Found a stormy altar of Qazlal.
   570 | D        | Found a hide-covered altar of Uskayaw.
   570 | D        | Found a blossoming altar of Fedhas.
   570 | D        | Found a bloodstained altar of Trog.
   570 | D        | Found an iron altar of Okawaru.
   570 | D        | Found a basalt altar of Yredelemnul.
   570 | D        | Found a glowing golden altar of the Shining One.
   570 | D        | Found a snail-covered altar of Cheibriados.
   570 | D        | Found a sacrificial altar of Ru.
   570 | D        | Found a glowing silver altar of Zin.
   570 | D        | Found a shadowy altar of Dithmenos.
   570 | D        | Found a white marble altar of Elyvilon.
   570 | D        | Noticed a yak
   571 | D        | Found an opulent altar of Gozag.
   572 | D        | Killed a yak
   573 | D        | Reached skill level 18 in Stealth
   573 | D        | Found a sparkling altar of Nemelex Xobeh.
   623 | D        | Found a burning altar of Makhleb.
   623 | D        | Found a shimmering altar of Xom.
   623 | D        | Noticed a slime creature
   624 | D        | Found a viscous altar of Jiyva.
   624 | D        | Found a corrupted altar of Lugonu.
   626 | D        | Killed a slime creature
   626 | D        | Reached *** piety under Trog
   627 | D        | Reached skill level 19 in Stealth
   627 | D        | Reached XP level 7. HP: 31/31 MP: 8/8
   648 | D        | Noticed a centaur warrior
   661 | D        | Noticed a centaur warrior
   664 | D        | Slain by a centaur warrior
   665 | D        | Reached XP level 6. HP: -5/42 MP: 7/7
   677 | D        | Shot with an arrow by a centaur warrior
   678 | D        | Reached XP level 5. HP: -14/36 MP: 6/6
   687 | D        | Slain by a centaur warrior

Illustrated notes

Levels and vault maps discovered:
D:        dungeon_sprint_1 [red_sonja_temple_1, red_sonja_temple_small_1]

Skill      XL: |  1  2  3  4  5  6 |
---------------+-------------------+-----
Stealth        | 8 12 16 19 | 19.9
Fighting       | |  3.0
Dodging        | |  4.0
Unarmed Combat | |  3.0

Action                   |  1- 3 |  4- 6 |  7- 9 || total
-------------------------+-------+-------+-------++-------
Melee: Unarmed           |     6 |    15 |     1 ||    22
       Bite              |       |     1 |       ||     1
Invok: Berserk           |     1 |     3 |     1 ||     5
       Trog's Hand       |       |     2 |     1 ||     3
  Use: Scroll            |       |       |     1 ||     1
 Stab: Sleeping          |     2 |     3 |       ||     5
Armor: Skin              |       |     2 |     1 ||     3
Dodge: Dodged            |     3 |    10 |     3 ||    16
